 Dungeon Crawl Stone Soup version 0.32-a0-931-g5a2cda0 (webtiles) character file.

Game seed: 14368141545443816387

134 dilly the Conjurer (level 5, 0/45 HPs)
             Began as a Naga Conjurer on Apr 12, 2024.
             Slain by Natasha (7 damage)
             ... on level 3 of the Dungeon.
             The game lasted 00:02:59 (3109 turns).

dilly the Conjurer (Naga Conjurer)                  Turns: 3109, Time: 00:03:00

Health: 0/45       AC:  3    Str: 10    XL:     5   Next: 17%
Magic:  9/9        EV:  8    Int: 20    God:
Gold:   151        SH:  0    Dex:  9    Spells: 3/10 levels left

rFire   . . .        a - +3 sling
rCold   . . .        (no shield)
rNeg    . . .        g - +1 robe
rPois   +            (no helmet)
rElec   .            (no cloak)
rCorr   .            (no gloves)
SInv    +            (no barding)
Will    .....        (no amulet)
Stlth   ++           (no ring)
HPRegen 0.27/turn    (no ring)
MPRegen 0.11/turn

%: no passive effects
@: slowed, very slow
A: AC +1, large, see invisible, deformed body, poison resistance, slowness 2,
spit poison 1, naga tail 1
a: Spit Poison


You were on level 3 of the Dungeon.
You visited 1 branch of the dungeon, and saw 3 of its levels.

You collected 203 gold pieces.
You spent 52 gold pieces at shops.

Inventory:

Hand Weapons
 a - a +3 sling (weapon)
 b - a +0 dagger
Armour
 g - a +1 robe (worn)
Scrolls
 c - a scroll of teleportation
 h - 2 scrolls of poison
 k - a scroll of silence
 m - a scroll of vulnerability {unknown}
 p - 2 scrolls of amnesia
 q - a scroll of enchant armour
 t - a scroll of fog
Potions
 d - a potion of curing
 e - a potion of might {unknown}
 f - 2 potions of heal wounds
 i - a potion of magic
 j - a potion of invisibility {unknown}
 l - a potion of haste {unknown}
 n - a potion of berserk rage {unknown}
 o - a potion of lignification {unknown}
 r - a potion of attraction {unknown}


   Skills:
 - Level 2.0 Fighting
 - Level 1.5 Dodging
 - Level 3.0 Stealth
 + Level 3.3 Spellcasting
 + Level 5.0 Conjurations


You had 3 spell levels left.
You knew the following spells:

 Your Spells              Type           Power      Damage    Failure   Level
a - Searing Ray           Conj           46%        2d6       2%          2
b - Magic Dart            Conj           92%        1d7       1%          1
F - Iskenderun's Mystic Conj/Tloc 13%            2d5        (+2d2     43%         4

Your spell library contained the following spells:

 Spells                   Type           Power      Damage    Failure   Level
 Kiss of Death            Conj/Necr      52%        2d9       4%          1
 Confusing Touch          Hex            3%         N/A       38%         3
 Fulminant Prism          Conj/Alch      6%         3d7       43%         4
 Dispel Undead            Necr           3%         3d7       80%         4


Dungeon Overview and Level Annotations

Branches:
Dungeon (3/15) Zot: 14101

Altars:

Shops:
D:2 !::

Annotations:
D:3 Natasha


Innate Abilities, Weirdness & Mutations

Your serpentine skin is tough. (AC +1)
You have supernaturally acute eyesight. (SInv)
Armour fits poorly on your strangely shaped body.
Your system is resistant to poisons. (rPois)
You cover ground very slowly.
You can spit poison.
You have a snake-like lower body.


Message History

No target in view!
There is an open door here.
You see here a hobgoblin skeleton.
There is an open door here.
Natasha, Servant of Life and Death comes into view.
You shoot a sling bullet. The sling bullet barely misses Natasha.
Natasha stares at you and mumbles some strange words.
The magic dart hits you!
You shoot a sling bullet.
The sling bullet closely misses Natasha.
Natasha casts a spell at you.
You feel yourself slow down.
You take 7 damage, and have 38/45 hp.
Casting: Searing Ray (safe; 2% risk of failure)
Confirm with . or Enter, or press ? or * to list all spells.
You can't see any susceptible monsters within range! (Use Z to cast anyway.) Natasha casts a spell at you.
The magic dart hits you.
You take 4 damage, and have 34/45 hp.
You shoot a sling bullet.
The sling bullet closely misses Natasha.
Natasha barely misses you.
You shoot a sling bullet. The sling bullet barely misses Natasha.
Natasha barely misses you. Natasha casts a spell at you.
The magic dart hits you.
You take 1 damage, and have 33/45 hp.
You shoot a sling bullet.
The sling bullet closely misses Natasha.
Natasha claws you. x2
You take 6 damage, and have 27/45 hp.
You shoot a sling bullet. The sling bullet misses Natasha.
Natasha claws you. Natasha claws you!
You take 13 damage, and have 14/45 hp.
You shoot a sling bullet. The sling bullet barely misses Natasha.
Natasha claws you!
* * * LOW HITPOINT WARNING * * *
Natasha claws you!
You die...
Natasha curls up and begins to purr.

#.####.#####.....###
#.##...............#
#.##.#.####......#.#########
#.##.#.# #................#
#.##.#.# #.##.....#######.#
#......# #.###....# #.# ####.###
#.# ##.#.# #.#
####.######.####h#.# #.#
.........##.....@..# #.####
.#######.#######'### #....# #.#
##...## ####.# #.# ##.....##
####.# #.# ##.......## ##.##.#
#.###.......!.####...#.### .
#...'.........รท...........
.#######...#.........####...#.###
...........##.......## ##.##.#


You could see Natasha.

Vanquished Creatures
  Natasha (D:3)
  2 adders (D:3)
  3 ribbon worms (D:2)
  A dart slug (D:2)
  4 orcs (D:3)
  4 bats
  12 endoplasms
  3 giant cockroaches
  8 goblins
  9 hobgoblins
  A jackal (D:3)
  3 quokkas (D:1)
  5 ball pythons
  3 frilled lizards (D:2)
  6 kobolds
  6 rats
71 creatures vanquished.

Notes
Turn   | Place    | Note
-------+----------+-------------------------------------------
     0 | D:1      | dilly the Naga Conjurer began the quest for the Orb.
     0 | D:1      | Reached XP level 1. HP: 15/15 MP: 3/3
   145 | D:1      | Reached XP level 2. HP: 12/24 MP: 3/5
   197 | D:1      | Learned a level 2 spell: Searing Ray
   421 | D:1      | Reached skill level 1 in Fighting
   547 | D:1      | Reached XP level 3. HP: 31/31 MP: 1/6
   813 | D:2      | Found Puajauja's Distillery.
   824 | D:2      | Bought a potion of curing for 39 gold pieces
   824 | D:2      | Bought a potion of degeneration for 13 gold pieces
   951 | D:2      | Found Beet Doo's Book Shop.
  1097 | D:2      | Found Ennuto's Book Shop.
  1466 | D:2      | Reached XP level 4. HP: 39/39 MP: 3/8
  1614 | D:2      | Learned a level 4 spell: Iskenderun's Mystic Blast
  2108 | D:3      | Identified the +0 robe of the Trombone {rN+++ Str+2 Int-2
                  | Dex+4}
  2988 | D:3      | Noticed Natasha
  2994 | D:3      | Killed Natasha
  2995 | D:3      | Reached skill level 5 in Conjurations
  2995 | D:3      | Reached XP level 5. HP: 40/45 MP: 5/9
  3100 | D:3      | Noticed Natasha
  3109 | D:3      | Slain by Natasha

Illustrated notes

Levels and vault maps discovered:
D:1:      dpeg_arrival_lava_altar, layout_basic, st_stairs_9
D:2:      minmay_inner_zag, layout_loops_ring, serial_shops, shop_statue,
          nicolae_shop_real_fake_doors, nicolae_shop_waterfront
D:3:      kennysheep_six_static_rooms, layout_loops_corners, serial_glass,
          glass_columns_b, glass_columns_b, uniq_natasha

Skill      XL: |  1  2  3  4 |
---------------+-------------+-----
Fighting       | 1 2 |  2.0
Spellcasting   | 3 |  3.3
Conjurations   | 5 |  5.0
Dodging        | |  1.5
Stealth        | |  3.0

Action                     |  1- 3 |  4- 6 || total
---------------------------+-------+-------++-------
  Melee: Dagger            |    27 |       ||    27
   Fire: Sling             |   116 |    99 ||   215
   Cast: Magic Dart        |     7 |       ||     7
         Searing Ray       |    13 |     7 ||    20
Ability: Spit Poison       |     3 |       ||     3
    Use: Scroll            |     6 |     6 ||    12
 Armour: Robe              |    60 |    58 ||   118
  Dodge: Dodged            |    35 |    29 ||    64

Table legend: (Time is in decaauts)
 A = Elapsed time spent in this place.
 B = Non-inter-level travel time spent in this place.
 C = Inter-level travel time spent in this place.
 D = Time resting spent in this place.
 E = Time spent auto-exploring this place.
 F = Levels seen in this place.
 G = Mean time per level.
                   A        B        C        D        E       F      G
               +--------+--------+--------+--------+--------+-----+--------+
         Total |   3896 |   3760 |    136 |    948 |   2214 |   3 | 1298.7 |
       Dungeon |   3896 |   3760 |    136 |    948 |   2214 |   3 | 1298.7 |
               +--------+--------+--------+--------+--------+-----+--------+

Top non-repeatable levels by time:
     D:2: 1579 daAuts
     D:3: 1394 daAuts
     D:1: 922 daAuts
